 Dungeon Sprint DCSS version 0.25-b1-29-g4cfa5c7bda (webtiles) character file.

Game seed: 5465345434119769845, levelgen mode: deterministic

2779 Chiseanne the Covert (level 9, -4/84 HPs)
             Began as a Demonspawn Assassin on June 3, 2020.
             Slain by a centaur warrior (9 damage)
             ... in the Dungeon (Sprint II: "The Violet Keep of Menkaure").
             The game lasted 00:07:58 (767 turns).

Chiseanne the Covert (Demonspawn Assassin)           Turns: 767, Time: 00:07:58

Health: -4/84      AC:  4    Str: 12    XL:     9   Next: 42%
Magic:  9/9        EV: 22    Int: 13    God:
Gold:   31         SH:  0    Dex: 21    Spells: 8/8 levels left

rFire    . . .     SeeInvis +   a - +2 dagger
rCold    . . .     Gourm    .   (no shield)
rNeg     . . .     Faith    .   b - +0 robe
rPois    .         Spirit   .   q - +0 helmet {SInv}
rElec    .         Reflect  .   c - +0 cloak
rCorr    .         Harm     .   (no gloves)
MR       .....     NoTele   +   (no boots)
Stlth    +++++++...             (no amulet)
HPRegen  0.24/turn              (no ring)
MPRegen  0.11/turn              (no ring)

@: berserk cooldown, slowed, very slow
A: thin skeletal structure 2, deformed body, powered by death 2, shaggy fur 1,
spiny 2, evolution 1
a: no special abilities


You were in the Dungeon.
You were not hungry.

You visited 1 branch You collected 1053 gold pieces.
You spent 1022 gold pieces at shops.

Inventory:

Hand Weapons
 a - a +2 dagger (weapon)
Missiles
 d - 8 poisoned darts
 e - a curare-tipped dart (quivered)
Armour
 b - a +0 robe (worn)
 c - a +0 cloak (worn)
 p - the +5 chain mail "Liukenuk" {+Blink rC- Int+3}
   (You bought it in a shop in the Dungeon)

   It affects your intelligence (+3).
   It makes you vulnerable to cold.
   It lets you blink.
 q - a +0 helmet of see invisible (worn)
Scrolls
 l - a scroll of blinking
Potions
 h - a potion of stabbing
 i - a potion of haste
 j - 2 potions of magic
 m - 2 potions of flight
 o - 2 potions of lignification
 r - 2 potions of brilliance
Comestibles
 f - a ration


   Skills:
 * Level 12.6 Fighting
 - Level 1.7 Short Blades
 - Level 1.7 Throwing
 * Level 11.6 Dodging
 * Level 12.9 Stealth


You had 8 spell levels left.
You didn't know any spells.
Your spell library was empty.

Dungeon Overview and Level Annotations

Branches:
Dungeon (1/1)

Altars:
Cheibriados
Dithmenos
Elyvilon
Fedhas
Hepliaklqana
Kikubaaqudgha
Makhleb
Qazlal
Ru
Sif Muna
Trog
Uskayaw
Wu Jian
Xom
Yredelemnul
The Shining One
Beogh
Jiyva
Lugonu

Shops:
D :[=?(![[:%}=!}%!

Annotations:
D exclusion: oklob plant, Kirke, Roxanne


Innate Abilities, Weirdness & Mutations

You have a moderately thin skeletal structure. (Dex +4, Stealth+)
You regenerate health from kills.
You are mostly covered in sharp spines.
Armour fits poorly on your strangely shaped body.
You are covered in fur. (AC +1)
You evolve.


Message History

There is an open door, spattered with blood here.
Items here: % ( ) ÷ a +0 arbalest; 18 bolts; 5 chunks of flesh; a yaktaur skeleton You close the door, pushing everything out of the way.
There is an open door, spattered with blood here.
The centaur warrior wields a +0 shortbow.
The centaur warrior shoots an arrow.
The arrow barely misses you.
You see here an arrow.
The centaur warrior unwields a +0 shortbow.
The centaur warrior is struck by your spines.
The centaur warrior hits you.
* * * LOW HITPOINT WARNING * * *
The centaur warrior hits you!
* * * LOW HITPOINT WARNING * * *
You feel better.
The centaur warrior is struck by your spines.
The centaur warrior hits you!
* * * LOW HITPOINT WARNING * * *
The centaur warrior hits you!
You die...

###########≈≈#+++#+++## ..
##########≈≈≈zY(≈.....# ..
#.....∩.∩#≈≈≈≈.##+##..# #.
#....∩.∩.#≈≈≈≈##z#(##.#### +.###
#...∩.∩..#≈≈≈≈#..#..#....# ^^.#
#..∩.∩...#≈≈#####z#####..#####..#
#.⌠.∩....#≈##.###'###.##..#..'..#
#..∩.∩...#≈#...##(##...#..#..#..#
#...∩.∩..'≈'.#.c@<.'.##'..####^.#
#....∩.∩.#≈#.).##.####.#....###..
▓▓▓▓▓▓▓###≈##.###'###.##......≈≈≈
#(Yh######≈≈####.#.####≈≈....§≈#'
#)[h#) ##≈≈≈#.###.#≈≈≈≈≈≈≈..≈#.
#∩P?+{ +#≈##.#.##≈≈≈≈≈≈≈≈.≈#.
#)[$#%# ≈≈##+##≈≈≈≈≈≈≈≈≈≈§#_ #?.$
## ≈≈ ≈≈≈≈≈≈≈≈≈≈≈≈≈≈#. ##+#
#+++#≈≈≈≈≈≈≈§§#.


You could see a skeletal warrior and a centaur warrior.

Vanquished Creatures
  A yaktaur captain (D)
  3 shining eyes (D)
  A merfolk siren (D)
  2 hippogriffs (D)
  Menkaure (D)
  A crocodile (D)
  4 worker ants (D)
  3 worms (D)
16 creatures vanquished.

Vanquished Creatures (others)
  A crocodile (D)
1 creature vanquished.

Grand Total: 17 creatures vanquished

Notes
Turn   | Place    | Note
-------+----------+-------------------------------------------
     0 | D        | Chiseanne the Demonspawn Assassin began the quest for the
                  | Orb.
     0 | D        | Reached XP level 1. HP: 16/16 MP: 1/1
     5 | D        | Noticed a worker ant
     5 | D        | Noticed a worker ant
    14 | D        | Killed a worker ant
    14 | D        | Gained mutation: You are partially covered in sharp spines.
                  | [demonic ancestry]
    14 | D        | Reached XP level 2. HP: 18/25 MP: 2/2
    17 | D        | Killed a crocodile
    33 | D        | Reached skill level 5 in Stealth
    33 | D        | Reached XP level 3. HP: 8/31 MP: 3/3
    36 | D        | Reached skill level 5 in Fighting
    36 | D        | Gained mutation: You regenerate a little health from kills.
                  | [demonic ancestry]
    36 | D        | Reached XP level 4. HP: 8/39 MP: 4/4
   346 | D        | Noticed a crocodile
   347 | D        | Found Vire's Distillery.
   348 | D        | Killed a crocodile
   348 | D        | Reached skill level 5 in Dodging
   348 | D        | Gained mutation: You have a somewhat thin skeletal
                  | structure. (Dex +2, Stealth) [demonic ancestry]
   348 | D        | Reached XP level 5. HP: 47/47 MP: 5/5
   349 | D        | Found Pomaenwo's Gadget Shoppe.
   349 | D        | Found Wautofup's Food Emporium.
   368 | D        | Noticed a merfolk siren
   378 | D        | Killed a merfolk siren
   378 | D        | Gained mutation: You have a moderately thin skeletal
                  | structure. (Dex +4, Stealth+) [demonic ancestry]
   378 | D        | Reached XP level 6. HP: 37/58 MP: 6/6
   479 | D        | Noticed a hippogriff
   479 | D        | Noticed a hippogriff
   482 | D        | Killed a hippogriff
   482 | D        | Reached skill level 10 in Stealth
   482 | D        | Gained mutation: You are mostly covered in sharp spines.
                  | [demonic ancestry]
   482 | D        | Reached XP level 7. HP: 64/64 MP: 7/7
   492 | D        | Killed a hippogriff
   492 | D        | Reached skill level 10 in Fighting
   506 | D        | Found Ibuygaba's Food Shoppe.
   506 | D        | Found Misikul's Book Emporium.
   506 | D        | Found Koopn's Armour Shoppe.
   506 | D        | Found Kyts's Jewellery Shoppe.
   506 | D        | Found Rafusir's Antique Armour Emporium.
   507 | D        | Found Rouharia's Antique Weapon Shoppe.
   507 | D        | Found Latzipeff's Magic Scroll Emporium.
   507 | D        | Found Nozen's Gadget Emporium.
   508 | D        | Found Kufaurr's Jewellery Shoppe.
   508 | D        | Found Zara's Antique Armour Emporium.
   509 | D        | Found Vuux's Distillery.
   509 | D        | Found Rirhor's Distillery.
   509 | D        | Noticed a hell hog
   510 | D        | Noticed a hell hog
   510 | D        | Noticed an oklob plant
   511 | D        | Found Ylaxt's Book Shoppe.
   514 | D        | Noticed a death yak
   531 | D        | Bought a potion of stabbing for 40 gold pieces
   531 | D        | Bought 2 potions of flight for 60 gold pieces
   531 | D        | Bought a potion of curing for 30 gold pieces
   531 | D        | Bought a potion of heal wounds for 50 gold pieces
   536 | D        | Bought an amber-encrusted chain mail for 313 gold pieces
   547 | D        | Identified the +5 chain mail "Liukenuk" {+Blink rC- Int+3}
                  | (You bought it in a shop in the Dungeon)
   566 | D        | Bought a +0 helmet of see invisible for 149 gold pieces
   611 | D        | Found a roughly hewn altar of Beogh.
   625 | D        | Noticed Roxanne
   637 | D        | Noticed Menkaure
   640 | D        | Found a hazy altar of Hepliaklqana.
   640 | D        | Found a snail-covered altar of Cheibriados.
   656 | D        | Killed Menkaure
   661 | D        | Found a stormy altar of Qazlal.
   661 | D        | Found a viscous altar of Jiyva.
   661 | D        | Found a shadowy altar of Dithmenos.
   662 | D        | Found a sacrificial altar of Ru.
   662 | D        | Found an ancient bone altar of Kikubaaqudgha.
   662 | D        | Found a white marble altar of Elyvilon.
   663 | D        | Found an ornate altar of the Wu Jian Council.
   663 | D        | Found a shimmering blue altar of Sif Muna.
   663 | D        | Found a corrupted altar of Lugonu.
   664 | D        | Found a shimmering altar of Xom.
   664 | D        | Found a bloodstained altar of Trog.
   664 | D        | Found a burning altar of Makhleb.
   665 | D        | Found a glowing golden altar of the Shining One.
   665 | D        | Found a basalt altar of Yredelemnul.
   665 | D        | Found a hide-covered altar of Uskayaw.
   668 | D        | Noticed a shining eye
   668 | D        | Noticed a shining eye
   669 | D        | Noticed a shining eye
   670 | D        | Gained mutation: Scrolls take you a little longer to read.
                  | [a shining eye]
   672 | D        | Killed a shining eye
   672 | D        | Reached XP level 8. HP: 70/74 MP: 8/8
   673 | D        | Killed a shining eye
   673 | D        | Reached skill level 10 in Dodging
   676 | D        | Gained mutation: You occasionally shout uncontrollably at
                  | your foes. [a shining eye]
   678 | D        | Killed a shining eye
   678 | D        | Gained mutation: You regenerate health from kills. [demonic
                  | ancestry]
   678 | D        | Reached XP level 9. HP: 81/82 MP: 9/9
   685 | D        | Found a blossoming altar of Fedhas.
   712 | D        | Bought 2 potions of mutation for 160 gold pieces
   712 | D        | Bought a potion of mutation for 80 gold pieces
   712 | D        | Bought 2 potions of lignification for 60 gold pieces
   712 | D        | Bought 2 potions of brilliance for 80 gold pieces
   713 | D        | Lost mutation: Scrolls take you a little longer to read.
                  | [potion of mutation]
   713 | D        | Lost mutation: You occasionally shout uncontrollably at
                  | your foes. [potion of mutation]
   713 | D        | Gained mutation: Your body sometimes deteriorates upon
                  | taking damage. [potion of mutation]
   713 | D        | Gained mutation: You have sharp fingernails. [potion of
                  | mutation]
   713 | D        | Gained mutation: You are robust. (+10% HP) [potion of
                  | mutation]
   714 | D        | Lost mutation: You are robust. (+10% HP) [potion of
                  | mutation]
   714 | D        | Lost mutation: You have sharp fingernails. [potion of
                  | mutation]
   714 | D        | Gained mutation: You are somewhat resistant to further
                  | mutation. [potion of mutation]
   715 | D        | Lost mutation: Your body sometimes deteriorates upon taking
                  | damage. [potion of mutation]
   715 | D        | Lost mutation: You are somewhat resistant to further
                  | mutation. [potion of mutation]
   715 | D        | Gained mutation: Armour fits poorly on your strangely
                  | shaped body. [potion of mutation]
   715 | D        | Gained mutation: You are covered in fur. (AC +1) [potion of
                  | mutation]
   715 | D        | Gained mutation: You evolve. [potion of mutation]
   728 | D        | Noticed Kirke
   728 | D        | Noticed a yaktaur captain
   729 | D        | Noticed a centaur warrior
   729 | D        | Noticed a kobold demonologist
   754 | D        | Killed a yaktaur captain
   756 | D        | Noticed a skeletal warrior
   759 | D        | Noticed an elephant
   767 | D        | Slain by a centaur warrior

Illustrated notes

Levels and vault maps discovered:
D:        the_violet_keep_of_menkaure [sprint2_stairs_cluster_1,
          sprint2_shoproom, sprint2_temple, sprint2_basic_supplies,
          sprint2_obstacle_6, sprint2_obstacle_5, sprint2_obstacle_7,
          sprint2_obstacle_3, sprint2_obstacle_4, sprint2_timed_cluster_1,
          sprint2_smallroom_cluster_1, sprint2_smallroom_final_cluster_1,
          sprint2_transparent_cluster_1, sprint2_second_timed_cluster_1,
          sprint2_sniper_area_1, sprint2_heavy_combat_area_1,
          sprint2_mutation_trap_area_1, sprint2_forest_area_1,
          sprint2_light_combat_area_1, sprint2_behind_water_1,
          sprint2_near_end_vault_1]

Skill      XL: |  1  2  3  4  5  6  7  8  9 |
---------------+----------------------------+-----
Fighting       | 3 4 5 6 9 10 11 12 | 12.6
Dodging        | 3 4 5 7 8 9 10 11 | 11.6
Stealth        | 4 5 7 9 10 11 12 | 12.9
Short Blades   | |  1.7
Throwing       | |  1.7

Action                   |  1- 3 |  4- 6 |  7- 9 || total
-------------------------+-------+-------+-------++-------
Melee: Dagger            |    16 |     9 |    35 ||    60
Throw: Dart              |     4 |     2 |       ||     6
  Use: Potion            |     2 |       |     6 ||     8
 Stab: Sleeping          |     1 |     3 |     4 ||     8
       Distracted        |       |       |     1 ||     1
Armor: Robe              |     3 |       |       ||     3
Dodge: Dodged            |    11 |     3 |    11 ||    25
